 Dungeon Crawl Stone Soup version 0.30.1-4-g462c640d31 (webtiles) character file.

Game seed: 13660597198516143445

247 ArizonaTea the Cutter (level 5, -1/50 HPs)
             Began as a Troll Brigand on Aug 24, 2023.
             Slain by an iguana (3 damage)
             ... on level 4 of the Dungeon.
             The game lasted 00:11:26 (3398 turns).

ArizonaTea the Cutter (Troll Brigand)               Turns: 3398, Time: 00:11:27

Health: -1/50      AC:  5    Str: 21    XL:     5   Next: 85%
Magic:  4/4        EV: 10    Int:  7    God:
Gold:   227        SH:  0    Dex: 11    Spells: 4/4 levels left

rFire   . . .        a - +2 dagger
rCold   . . .        (no shield)
rNeg    . . .        b - +0 robe
rPois   .            (helmet restricted)
rElec   .            c - +0 cloak
rCorr   .            (gloves unavailable)
SInv    .            (boots unavailable)
Will    .....        (no amulet)
Stlth   ++           (no ring)
HPRegen 1.08/turn    (no ring)
MPRegen 0.09/turn

%: no passive effects
@: flying
A: large, unfitting armour, claws 3, regeneration 1, shaggy fur 1, tough skin 1
a: no special abilities


You were on level 4 of the Dungeon.
You visited 1 branch of the dungeon, and saw 4 of its levels.

You collected 227 gold pieces.

Inventory:

Hand Weapons
 a - a +2 dagger (weapon)
 q - a +1 sling of flaming
Missiles
 d - 9 poisoned darts (quivered)
 e - 3 curare-tipped darts
 r - a throwing net
Armour
 b - a +0 robe (worn)
 c - a +0 cloak (worn)
 u - a +2 helmet of see invisible
Wands
 l - a wand of roots (10)
Scrolls
 h - 4 scrolls of identify {unknown}
 j - 2 scrolls of fog {unknown}
 k - a scroll of enchant weapon {unknown}
 m - a scroll of teleportation {unknown}
 n - 2 scrolls of poison {unknown}
 o - a scroll of torment {unknown}
 p - a scroll of magic mapping {unknown}
 t - a scroll of acquirement {unknown}
Potions
 g - a potion of cancellation {unknown}
 s - a potion of haste {unknown}


   Skills:
 + Level 2.5 Fighting
 + Level 3.1 Short Blades
 + Level 1.8 Throwing
 + Level 2.7 Dodging
 + Level 2.7 Stealth


You had 4 spell levels left.
You didn't know any spells.
Your spell library was empty.

Dungeon Overview and Level Annotations

Branches:
Dungeon (4/15)
 Temple: D:4-7

Altars:
Vehumet
Yredelemnul


Innate Abilities, Weirdness & Mutations

You are too large for most types of armour.
You have claws for hands.
Your natural rate of healing is unusually fast.
You are covered in fur. (AC +1)
You have tough skin. (AC +1)


Message History

You see here 7 stones.
The iguana attacks as you move away! The iguana barely misses you.
Found a scroll labelled RETIWUOTUTZ.
The iguana attacks as you move away! The iguana bites you!
* * * LOW HITPOINT WARNING * * *
The iguana bites you but does no damage.
You see here a scroll labelled RETIWUOTUTZ.
The iguana attacks as you move away! The iguana bites you.
* * * LOW HITPOINT WARNING * * *
Found a stone staircase leading down.
It was a potion of curing.
You feel better.
The iguana bites you but does no damage.
You feel better. The iguana closely misses you.
It was a potion of flight.
You feel very buoyant.
You fly up into the air.
The iguana bites you!
You closely miss the iguana.
The iguana is severely wounded.
The iguana bites you.
* * * LOW HITPOINT WARNING * * *
You hit the iguana.
The iguana is severely wounded.
The iguana bites you!
* * * LOW HITPOINT WARNING * * *
You hit the iguana.
The iguana is almost dead.
The iguana closely misses you.
You hit the iguana but do no damage.
The iguana is almost dead.
The iguana barely misses you.
You closely miss the iguana.
The iguana is almost dead.
You barely miss the iguana.
The iguana is almost dead.
The iguana bites you.
* * * LOW HITPOINT WARNING * * *
You hit the iguana but do no damage.
The iguana is almost dead.
The iguana bites you.
You die...

..
#(#....##########.#
#. #o#....# #.# #..
#.###### ##o#####
##...##.#########
#.o....#
...............>#
#g.###.#
##...##o#######.#
#o(# .... #.# #.#
#..# # ...
#.#######.#
#..###.### ..


#..goooSl@# #......... . #########.# #.......#. #.# #.<....... #.# #......$..
#.# #.....#... #.. #......... #.. .......... ... ..#........ ⌠.#...<.#.# You
could see an iguana, a gnoll, an adder and 3 orcs.

Vanquished Creatures
  Pargi (D:3)
  A scorpion (D:3)
  3 adders
  A worm (D:3)
  3 dart slugs
  6 orcs (D:3)
  8 ball pythons
  4 bats
  5 endoplasms
  A giant cockroach (D:3)
  10 goblins
  6 hobgoblins
  3 kobolds
  4 quokkas
  A frilled lizard (D:2)
  2 rats
59 creatures vanquished.

Notes
Turn   | Place    | Note
-------+----------+-------------------------------------------
     0 | D:1      | ArizonaTea the Troll Brigand began the quest for the Orb.
     0 | D:1      | Reached XP level 1. HP: 19/19 MP: 0/0
   510 | D:1      | Reached skill level 1 in Dodging
   510 | D:1      | Reached XP level 2. HP: 28/28 MP: 1/1
   771 | D:1      | Reached skill level 2 in Short Blades
  1552 | D:2      | Reached XP level 3. HP: 35/35 MP: 2/2
  2127 | D:3      | Found a glowing drain.
  2255 | D:3      | Noticed a scorpion
  2266 | D:3      | Killed a scorpion
  2267 | D:3      | Reached XP level 4. HP: 28/42 MP: 3/3
  2337 | D:3      | Found a radiant altar of Vehumet.
  2449 | D:3      | Noticed Pargi
  2481 | D:3      | Killed Pargi
  2482 | D:3      | Reached XP level 5. HP: 39/50 MP: 4/4
  2533 | D:3      | Found a basalt altar of Yredelemnul.
  2594 | D:3      | Reached skill level 3 in Short Blades
  3393 | D:4      | HP: 2/50 [iguana (12)]
  3398 | D:4      | Slain by an iguana

Illustrated notes

Levels and vault maps discovered:
D:1:      psy_arrival_fountain, layout_loops_cross, minmay_misc_feat_alley,
          chequers_serial_rivers_micro_a, chequers_mini_garden, feat_on_display
D:2:      layout_rooms, kennysheep_pointless_box
D:3:      cheibrodos_greedy_goblins, layout_rooms,
          mainiacjoe_overflow_catch_the_wave, gup_sewer_entry_glass,
          chequers_serial_rivers_micro_d, interstate_on_off,
          chequers_serial_rivers_small_a, uniq_pargi
D:4:      corexii_shack_village, layout_basic,
          mainiacjoe_overflow_small_starburst, minmay_temple_entry_junction_2,
          uniq_pikel

Skill      XL: |  1  2  3  4  5 |
---------------+----------------+-----
Dodging        | 1 2 |  2.7
Short Blades   | 2 3 |  3.1
Fighting       | 2 |  2.5
Throwing       | |  1.8
Stealth        | |  2.7

Action                     |  1- 3 |  4- 6 || total
---------------------------+-------+-------++-------
  Melee: Dagger            |   155 |   156 ||   311
         Punch             |     1 |     1 ||     2
  Throw: Dart              |     1 |       ||     1
    Use: Scroll            |     1 |       ||     1
         Potion            |       |     3 ||     3
   Stab: Sleeping          |     2 |     2 ||     4
 Armour: Robe              |   129 |    85 ||   214
  Dodge: Dodged            |   127 |   101 ||   228
